 Dungeon Crawl Stone Soup version 0.31-a0-557-g6e16503903 (webtiles) character file.

Game seed: 1278652635325448559

40141 zero the Geomancer (level 14, -7/84 HPs)
             Began as a Gargoyle Earth Elementalist on Aug 16, 2023.
             Was an Elder of Vehumet.
             Engulfed by a cloud of flame (13 damage)
             ... on level 3 of the Lair of Beasts.
             The game lasted 00:28:33 (18725 turns).

zero the Geomancer (Gargoyle Earth Elementalist)   Turns: 18725, Time: 00:28:33

Health: -7/84      AC: 24    Str: 12    XL:     14   Next: 9%
Magic:  39/40      EV: 26    Int: 21    God:    Vehumet [****..]
Gold:   830        SH:  0    Dex: 10    Spells: 23/39 levels left

rFire   + . .        b - staff of conjuration {!a}
rCold   + . .        (no shield)
rNeg    + . .        O - +1 robe of Insecurity {rPois rF+ rC+}
rPois   ∞            K - +1 hat {Stlth+}
rElec   +            q - +0 cloak
rCorr   .            L - +0 pair of gloves
SInv    .            P - +1 pair of boots
Will    +....        H - amulet of the acrobat
Stlth   +++          d - ring of magical power
HPRegen 0.34/turn    F - +4 ring of protection
MPRegen 0.27/turn

%: acrobat
@: acrobatic, flying, slowed, very slow
A: sickness immunity, AC +10, big wings, negative energy resistance 1,
electricity resistance, torment resistance 1, petrification resistance
a: Renounce Religion


You were on level 3 of the Lair of Beasts.
You worshipped Vehumet.
Vehumet was greatly pleased with you.
You visited 3 branches of the dungeon, and saw 19 of its levels.
You also visited: Bailey.

You collected 1360 gold pieces.
You spent 530 gold pieces at shops.

Inventory:

Hand Weapons
 a - the +5 orcbow "Roydwut" {flame, SInv Stlth+}
   (You found it on level 9 of the Dungeon)

   SInv:      It lets you see invisible.
   Stlth+:    It makes you more stealthy.
 o - the +5 great sword "Asoj" {freeze, rF+ rN+ Str+3 Dex+3}
   (You took it off a kobold brigand in a bailey)

   Str+3:     It affects your strength (+3).
   Dex+3:     It affects your dexterity (+3).
   rF+:       It protects you from fire.
   rN+:       It protects you from negative energy.
Missiles
 l - 3 curare-tipped darts
 t - 47 poisoned darts
 w - 8 javelins
Armour
 q - a +0 cloak (worn)
 A - a +0 helmet
 K - a +1 hat of stealth (worn)
 L - a +0 pair of gloves (worn)
 O - the +1 robe of Insecurity (worn) {rPois rF+ rC+}
   (You bought it in a shop on level 5 of the Dungeon)

   rF+:       It protects you from fire.
   rC+:       It protects you from cold.
   rPois:     It protects you from poison
 P - a +1 pair of boots (worn)
Magical Staves
 b - a staff of conjuration (weapon) {!a}
Jewellery
 d - a ring of magical power (left hand)
 e - a +5 ring of evasion
 h - a ring of willpower
 n - a ring of resist corrosion
 F - a +4 ring of protection (right hand)
 H - an amulet of the acrobat (around neck)
Wands
 k - a wand of flame (15)
 z - a wand of polymorph (12)
 B - a wand of charming (12)
 M - a wand of quicksilver (6)
 N - a wand of iceblast (14)
Scrolls
 c - 5 scrolls of teleportation
 j - 2 scrolls of identify
 r - 2 scrolls of vulnerability
 s - a scroll of blinking
 v - 2 scrolls of fog
 x - 3 scrolls of poison
 y - a scroll of enchant weapon
Potions
 f - 5 potions of haste
 g - 4 potions of attraction
 i - a potion of berserk rage
 m - 7 potions of ambrosia
 p - 5 potions of curing
 u - a potion of brilliance
 C - 2 potions of magic
 D - 3 potions of resistance
 E - a potion of heal wounds
 G - 4 potions of mutation
 I - 2 potions of enlightenment
 J - a potion of lignification


   Skills:
 - Level 8.0 Fighting
 - Level 8.0 Armour
 - Level 1.5 Dodging
 - Level 2.1 Stealth
 + Level 13.2 Spellcasting
 - Level 12.0 Conjurations
 - Level 3.0 Translocations
 - Level 0.7 Transmutations
 - Level 5.0 Fire Magic
 - Level 13.2 Earth Magic
 - Level 2.0 Evocations


You had 23 spell levels left.
You knew the following spells:

 Your Spells              Type           Power      Damage    Failure   Level
a - Sandblast             Erth           100%       2d20      0%          1
b - Stone Arrow           Conj/Erth      100%       3d13      1%          3
c - Leda's Unmaking       Conj/Erth      39%        9d7       1%          6
d - Flame Wave            Conj/Fire      65%        2d15      1%          4
e - Blink                 Tloc           52%        N/A       1%          2

Your spell library contained the following spells:

 Spells                   Type           Power      Damage    Failure   Level
 Spellforged Servitor     Conj/Summ      27%        N/A       61%         7
 Freeze                   Ice            52%        1d6       1%          1
 Shock                    Conj/Air       100%       1d9       1%          1
 Passwall                 Tmut/Erth      35%        N/A       1%          2
 Hailstorm                Conj/Ice       55%        3d12      1%          3
 Lee's Rapid Deconstruct  Erth           31%        3d16*     1%          5
 Petrify                  Tmut/Erth      43%        N/A       2%          4
 Animate Armour           Summ/Erth      82%        N/A       3%          4
 Leda's Liquefaction      Hex/Erth       20%        N/A       3%          4
 Frozen Ramparts          Ice            26%        1d4       4%          3
 Ensorcelled Hibernation  Hex/Ice        26%        N/A       7%          2
 Borgnjor's Vile Clutch   Necr/Erth      20%        N/A       9%          5
 Airstrike                Air            6%         2d(1-17)  13%         4
 Swiftness                Air            13%        N/A       14%         3
 Manifold Assault         Tloc           26%        N/A       14%         4
 Anguish                  Hex/Necr       6%         N/A       43%         4
 Animate Dead             Necr           13%        N/A       43%         4
 Cause Fear               Hex            6%         N/A       43%         4
 Summon Lightning Spire   Summ/Air       13%        N/A       43%         4
 Summon Forest            Summ/Tloc      10%        N/A       56%         5
 Summon Mana Viper        Hex/Summ       13%        N/A       78%         5
 Death Channel            Necr           6%         N/A       100%        6
 Summon Cactus Giant      Summ           6%         N/A       100%        6
 Enfeeble                 Hex            6%         N/A       100%        7


Dungeon Overview and Level Annotations

Branches:
Dungeon (15/15)            Temple (1/1) D:7            Lair (3/5) D:9
  Swamp (0/4) Lair:3       Spider (0/4) Lair:2          Orc (0/2) D:12
 Vaults (0/5) D:13         Bailey (visited)
 Depths: D:15

Altars:
Ashenzari
Cheibriados
Dithmenos
Elyvilon
Fedhas
Gozag
Hepliaklqana
Kikubaaqudgha
Makhleb
Nemelex Xobeh
Okawaru
Qazlal
Ru
Sif Muna
Trog
Uskayaw
Vehumet
Wu Jian
Xom
Yredelemnul
Zin
The Shining One

Shops:
D:5 [   D:6 *   D:7 (   D:8 =

Annotations:
D:5 2 runed translucent doors
D:8 1 runed translucent door, Zgarb's ghost, novice DgIE
D:12 exclusion: downstairs
Lair:2 1 runed translucent door, KimchiStew's ghost, journeyman TrSh


Innate Abilities, Weirdness & Mutations

You are immune to sickness and miasma.
Your stone body is resilient. (AC +10)
You are immune to poison.
Your large and strong wings let you fly.
You resist negative energy. (rN+)
You are resistant to electric shocks. (rElec)
You are resistant to unholy torment.
You are immune to petrification.


Message History

The bullfrog is engulfed in blazing flames.
You kill the bullfrog!
Vehumet accepts your kill.
You feel your power returning.
A yak comes into view.
The yak is engulfed in blazing flames.
The yak is engulfed in a cloud of scalding steam.
A yak comes into view.
The yak is engulfed in blazing flames. x2
The yak is engulfed in a forest fire.
The yak moves out of view.
A wave of flame ripples out!
The flame wave engulfs the yak!
You kill the yak!
Vehumet accepts your kill.
You feel your power returning.
The flame wave engulfs the yak!!
The yak is severely wounded.
The flame wave engulfs the yak.
You kill the yak!
Vehumet accepts your kill.
The flame wave engulfs the torpor snail!
The torpor snail is almost dead.
The flame wave engulfs the yak!!
You kill the yak!
Vehumet accepts your kill.
You are engulfed in blazing flames.
You resist.
* * * LOW HITPOINT WARNING * * *
You hear a bellow!
The yak is engulfed in a forest fire.
The yak is engulfed in blazing flames.
A wave of flame ripples out!
The flame wave engulfs the yak!!
You kill the yak!
Vehumet accepts your kill.
You feel your power returning.
The flame wave engulfs the torpor snail!
The torpor snail is almost dead.
The flame wave engulfs the yak but does no damage.
The flame wave engulfs the yak!
You kill the yak!
Vehumet accepts your kill.
You finish channelling waves of flame.
You are engulfed in blazing flames.
You resist.
You die...

. ..........###
#[..............
#..#..........#
#..#..†.....$..#
.......<†.....#
..............##
........§w§§§§§#
#......○○§§§§§#
##.....○§@§§♣
#.....○§○§§~≈♣
.......§§§§§§§♣
.#.....Y§§§§§.♣
.....§§§§§§♣♣
....Y§Y♣♣♣♣♣
.....Y. #......


You could see a torpor snail and 4 yaks.

Vanquished Creatures
  Gastronok (Lair:2)
  An ironbound preserver (D:13)
  A spark wasp (shapeshifter) (D:13)
  A hydra (D:13)
  7 centaur warriors
  3 two-headed ogres
  A boulder beetle (D:14)
  Urug (Lair:2)
  A wizard (D:14)
  A manticore (D:12)
  7 ugly things
  2 slime creatures (D:13)
  A cyclops (D:12)
  An elephant (D:9)
  A black mamba (shapeshifter) (D:14)
  A black mamba (Lair:1)
  Joseph (D:8)
  4 gargoyles
  2 kobold demonologists
  2 freezing wraiths
  A rime drake (Lair:2)
  An unseen horror (D:11)
  An efreet (D:13)
  5 komodo dragons
  4 cane toads
  A queen bee (D:11)
  3 meliai (D:13)
  A tyrant leech (Lair:3)
  6 trolls
  A polar bear (Lair:1)
  2 hornets
  A shadow (D:11)
  A vampire (D:11)
  4 wyverns
  2 basilisks
  20 yaks
  Grum (D:9)
  A wraith (D:10)
  3 redbacks (Lair:2)
  3 steam dragons
  7 vampire mosquitoes
  Edmund (D:5)
  3 acid dragons
  3 swamp worms (Lair:3)
  5 water moccasins
  9 orc warriors
  A black bear (D:9)
  5 boggarts (D:14)
  6 sky beasts
  23 wolves
  15 centaurs
  7 kobold brigands
  2 phantoms (D:6)
  12 bullfrogs
  A scorpion (D:6)
  4 wights (D:9)
  29 killer bees
  6 howler monkeys
  9 orc priests
  4 hounds
  A jelly (D:8)
  5 iguanas
  4 sleepcaps
  15 orc wizards
  7 hell rats (Lair:1)
  4 gnolls (D:3)
  An adder (D:2)
  3 ufetubi
  2 worms
  4 dart slugs
  45 orcs
  2 bats
  9 endoplasms
  4 giant cockroaches
  9 goblins
  7 hobgoblins
  18 kobolds
  4 quokkas (D:1)
  5 ball pythons
  4 frilled lizards
  4 rats
411 creatures vanquished.

Notes
Turn   | Place    | Note
-------+----------+-------------------------------------------
     0 | D:1      | zero the Gargoyle Earth Elementalist began the quest for
                  | the Orb.
     0 | D:1      | Reached XP level 1. HP: 10/10 MP: 3/3
   237 | D:1      | Reached XP level 2. HP: 16/16 MP: 3/5
   285 | D:1      | Reached skill level 1 in Fighting
   896 | D:1      | Reached XP level 3. HP: 19/20 MP: 4/7
   900 | D:1      | Learned a level 3 spell: Stone Arrow
  1374 | D:2      | Found a faded altar of an unknown god.
  1439 | D:2      | Reached XP level 4. HP: 26/26 MP: 8/8
  2146 | D:3      | Found a hazy altar of Hepliaklqana.
  2711 | D:4      | Reached XP level 5. HP: 29/32 MP: 9/9
  3096 | D:4      | Reached skill level 5 in Earth Magic
  3301 | D:5      | Entered Level 5 of the Dungeon
  3509 | D:5      | Noticed a water moccasin
  3517 | D:5      | Killed a water moccasin
  3518 | D:5      | Reached XP level 6. HP: 30/37 MP: 7/10
  3792 | D:5      | Found Suntuoll's Armour Emporium.
  3855 | D:5      | Noticed Edmund
  3864 | D:5      | Killed Edmund
  3865 | D:5      | Reached XP level 7. HP: 34/41 MP: 0/11
  4052 | D:5      | Reached skill level 1 in Conjurations
  4101 | D:5      | Found a runed translucent door.
  4103 | D:5      | Found a runed translucent door.
  4104 | D:5      | Noticed a vampire mosquito
  4466 | D:6      | Identified the +1 leather armour of Leapfrog {Harm Str-3
                  | Int+2}
  4676 | D:6      | Noticed a steam dragon
  4679 | D:6      | Killed a steam dragon
  4680 | D:6      | Reached XP level 8. HP: 48/48 MP: 14/14
  4826 | D:6      | Reached skill level 5 in Fighting
  4922 | D:6      | Found Udoc's General Store.
  4945 | D:6      | Reached skill level 5 in Spellcasting
  5002 | D:6      | Reached skill level 5 in Conjurations
  5552 | D:6      | Reached XP level 9. HP: 54/54 MP: 17/17
  5764 | D:7      | Found a staircase to the Ecumenical Temple.
  5844 | Temple   | Entered the Ecumenical Temple
  5871 | Temple   | Became a worshipper of Vehumet
  6085 | D:7      | Found Casmegua's Antique Weapon Shop.
  6093 | D:7      | Learned a level 6 spell: Leda's Unmaking
  6586 | D:8      | Noticed Joseph
  6595 | D:8      | Killed Joseph
  6811 | D:8      | Found a flagged portal.
  6825 | Bailey   | Entered a bailey
  6995 | Bailey   | Identified the +4 trident "Nete" {freeze, Fly Will- rCorr
                  | Stlth+}
  7046 | Bailey   | Reached skill level 10 in Earth Magic
  7077 | Bailey   | Reached XP level 10. HP: 59/59 MP: 14/20
  7151 | Bailey   | Identified the +5 great sword "Asoj" {freeze, rF+ rN+ Str+3
                  | Dex+3}
  7233 | Bailey   | Found a bloodstained altar of Trog.
  7361 | D:8      | Found a runed translucent door.
  7366 | D:8      | Noticed Zgarb's ghost (novice DgIE)
  7479 | D:8      | Reached * piety under Vehumet
  7479 | D:8      | Offered knowledge of Kiss of Death by Vehumet.
  7646 | D:8      | Found Duos's Jewellery Shoppe.
  7767 | D:5      | Bought the +1 robe of Insecurity {rPois rF+ rC+} for 463
                  | gold pieces
  7767 | D:5      | Bought a +0 pair of boots for 67 gold pieces
  8054 | D:9      | You fall into a shaft and drop 3 floors!
  8062 | D:12     | Noticed a manticore
  8066 | D:12     | Killed a manticore
  8141 | D:12     | Noticed a gargoyle
  8145 | D:12     | Killed a gargoyle
  8194 | D:12     | Noticed a gargoyle
  8199 | D:12     | Killed a gargoyle
  8348 | D:12     | Noticed a cyclops
  8403 | D:10     | Entered Level 10 of the Dungeon
  8587 | D:9      | Identified the +5 orcbow "Roydwut" {flame, SInv Stlth+}
  8621 | D:9      | Noticed Grum
  8630 | D:9      | Killed Grum
  8800 | D:9      | Reached XP level 11. HP: 63/63 MP: 24/24
  8886 | D:9      | Found a staircase to the Lair.
  8910 | D:9      | Reached skill level 1 in Armour
 10096 | D:10     | Reached ** piety under Vehumet
 10096 | D:10     | Offered knowledge of Momentum Strike by Vehumet.
 10294 | D:11     | Reached skill level 10 in Spellcasting
 10831 | D:11     | Noticed a two-headed ogre
 10837 | D:11     | Killed a two-headed ogre
 10838 | D:11     | Reached skill level 5 in Armour
 10839 | D:11     | Noticed a brown ugly thing
 10907 | D:11     | Reached skill level 10 in Conjurations
 11020 | D:11     | Killed a brown ugly thing
 11385 | D:11     | Reached skill level 1 in Evocations
 11470 | D:11     | Offered knowledge of Dazzling Flash by Vehumet.
 12043 | D:12     | Noticed a two-headed ogre
 12046 | D:12     | Killed a two-headed ogre
 12138 | D:12     | Reached XP level 12. HP: 68/68 MP: 26/26
 12203 | D:12     | Reached *** piety under Vehumet
 12381 | D:12     | Found a staircase to the Orcish Mines.
 12464 | D:12     | Offered knowledge of Flame Wave by Vehumet.
 12470 | D:12     | Learned a level 4 spell: Flame Wave
 12794 | D:12     | Learned a level 2 spell: Blink
 13028 | D:13     | Reached skill level 1 in Fire Magic
 13349 | D:13     | Noticed a centaur warrior
 13359 | D:13     | Killed a centaur warrior
 13498 | D:13     | Noticed a six-headed hydra
 13501 | D:13     | Killed a six-headed hydra
 13584 | D:13     | Noticed a centaur warrior
 13587 | D:13     | Killed a centaur warrior
 13652 | D:13     | Identified the +4 chain mail "Zionlobb" {Dex+3}
 13850 | D:13     | Noticed a two-headed ogre
 13850 | D:13     | Noticed a centaur warrior
 13851 | D:13     | Noticed a centaur warrior
 13854 | D:13     | Killed a two-headed ogre
 13859 | D:13     | Killed a centaur warrior
 13859 | D:13     | Reached **** piety under Vehumet
 13860 | D:13     | Killed a centaur warrior
 13874 | D:13     | Offered knowledge of Inner Flame by Vehumet.
 14103 | D:13     | Noticed a centaur warrior
 14114 | D:13     | Killed a centaur warrior
 14232 | D:13     | Noticed a spark wasp
 14236 | D:13     | Killed a spark wasp
 14237 | D:13     | Reached XP level 13. HP: 76/76 MP: 17/27
 14468 | D:13     | Found a gate to the Vaults.
 14524 | D:13     | Noticed an ironbound preserver
 14529 | D:13     | Killed an ironbound preserver
 14957 | D:14     | Reached skill level 1 in Translocations
 16329 | D:15     | Entered Level 15 of the Dungeon
 16833 | Lair:1   | Entered Level 1 of the Lair of Beasts
 16968 | Lair:1   | Reached skill level 5 in Fire Magic
 17226 | Lair:1   | Reached ***** piety under Vehumet
 17243 | Lair:1   | Offered knowledge of Spellforged Servitor by Vehumet.
 17758 | Lair:2   | Noticed Urug
 17910 | Lair:2   | Killed Urug
 17914 | Lair:2   | Noticed Gastronok
 18022 | Lair:2   | Killed Gastronok
 18177 | Lair:2   | Found a hole to the Spider Nest.
 18250 | Lair:2   | Found a runed translucent door.
 18251 | Lair:2   | Identified the +6 spear "Muuhal" {spect, Contam rElec
                  | Int+7}
 18251 | Lair:2   | Noticed KimchiStew's ghost (journeyman TrSh)
 18716 | Lair:3   | Found a staircase to the Swamp.
 18719 | Lair:3   | Gained mutation: Your large and strong wings let you fly.
                  | [Gargoyle growth]
 18719 | Lair:3   | Reached XP level 14. HP: 34/84 MP: 30/30
 18725 | Lair:3   | Engulfed by a cloud of flame

Illustrated notes

Levels and vault maps discovered:
D:1:      dpeg_chamrin_arrival_tetris, layout_basic, minmay_stone_trees_medium
D:2:      layout_rooms, hellmonk_ecumenical_altar_crossroads
D:3:      layout_loops_ring, nzn_hepliaklqana_mist_gate
D:4:      layout_basic
D:5:      lemuel_insect_pit, layout_loops_ring, serial_shops,
          nicolae_lakefront_shop, uniq_edmund
D:6:      layout_loops_corners, serial_shops, nicolae_shop_tiny_statue_garden
D:7:      layout_rooms, minmay_temple_entry_drinking_statues, serial_shops,
          nicolae_shop_hallway_stairs
D:8:      layout_rooms, ebering_ghost_reflecting_pool, serial_shops,
          nicolae_shop_gaudy_bauble, enter_bailey_3, blue_anna_alchemist,
          uniq_joseph
D:9:      layout_irregular_city, david_lair_generic, uniq_grum
D:10:     layout_rooms
D:11:     layout_basic, special_room [special_room_bee],
          portal_ice_cave_entry_pillars_2
D:12:     layout_roguey, hiddenorc2_lemuel, kennysheep_decorative_pillar,
          hangedman_misty_isle
D:13:     layout_irregular_city, skrybe_vaults_entry_preservation
D:14:     layout_long_grid
D:15:     hangedman_depths_entry_civil_slaughter, layout_irregular_city,
          nicolae_uskayaw_en_pointe, serial_shops, nicolae_shop_back_alley_shop,
          minmay_librarian
Temple:   mainiacjoe_temple_trianglar_array
Lair:1:   layout_chaotic_city, grunt_forest_small_clearing_treed
Lair:2:   layout_long_grid, spider_nest_entry_webs, ebering_ghost_funeral_grove,
          grunt_megastairs_5, uniq_urug, uniq_gastronok
Lair:3:   nzn_winding_woodlands_small [nzn_winding_woodlands_5x15_longhouse,
          nzn_winding_woodlands_center_triple_pond,
          nzn_winding_woodlands_5x15_zeroes], layout_cave_shapes,
          minmay_swamp_entry_worms, grunt_megastairs_4

Skill      XL: |  1  2  3  4  5  6  7  8  9 10 11 12 13 14 |
---------------+-------------------------------------------+-----
Fighting       | 1 2 3 4 5 7 8 |  8.0
Spellcasting   | 3 4 5 7 9 10 12 13 | 13.2
Earth Magic    | 4 6 8 10 12 13 | 13.2
Conjurations   | 3 5 7 8 10 11 12 | 12.0
Armour         | 5 7 8 |  8.0
Evocations     | 1 2 |  2.0
Fire Magic     | 3 5 |  5.0
Translocations | 3 |  3.0
Dodging        | |  1.5
Stealth        | |  2.1
Transmutations | |  0.7

Action                     |  1- 3 |  4- 6 |  7- 9 | 10-12 | 13-15 || total
---------------------------+-------+-------+-------+-------+-------++-------
  Melee: Mace              |     9 |       |       |       |       ||     9
         Whip              |       |     8 |       |       |       ||     8
         Staff             |       |       |       |     5 |       ||     5
   Fire: Orcbow            |       |       |       |    18 |       ||    18
   Cast: Sandblast         |    46 |    65 |   122 |   185 |    47 ||   465
         Stone Arrow       |       |     4 |    35 |   127 |     6 ||   172
         Leda's Unmaking   |       |       |       |    17 |    64 ||    81
         Flame Wave        |       |       |       |     2 |     9 ||    11
         Blink             |       |       |       |       |     1 ||     1
  Evoke: Wand              |       |       |       |     2 |     3 ||     5
    Use: Scroll            |       |       |     9 |    16 |       ||    25
         Potion            |       |       |       |     1 |       ||     1
   Stab: Sleeping          |     1 |     1 |       |       |       ||     2
 Armour: Robe              |     7 |    14 |    12 |   191 |    40 ||   264
         Steam dragon scal |       |       |    29 |     7 |       ||    36
  Dodge: Dodged            |    21 |    22 |    53 |   181 |    65 ||   342

Table legend: (Time is in decaauts)
 A = Elapsed time spent in this place.
 B = Non-inter-level travel time spent in this place.
 C = Inter-level travel time spent in this place.
 D = Time resting spent in this place.
 E = Time spent auto-exploring this place.
 F = Levels seen in this place.
 G = Mean time per level.
                   A        B        C        D        E       F      G
               +--------+--------+--------+--------+--------+-----+--------+
         Total |  18990 |  18014 |    976 |   4317 |  11162 |  20 |  949.5 |
       Dungeon |  16552 |  15654 |    898 |   3695 |   9795 |  15 | 1103.5 |
        Temple |     50 |      4 |     46 |      0 |      3 |   1 |   50.0 |
          Lair |   1922 |   1891 |     31 |    457 |   1194 |   3 |  640.7 |
        Bailey |    465 |    465 |      0 |    165 |    170 |   1 |  465.0 |
               +--------+--------+--------+--------+--------+-----+--------+

Top non-repeatable levels by time:
    D:13: 2008 daAuts
    D:14: 1639 daAuts
    D:11: 1529 daAuts
     D:6: 1470 daAuts
    D:12: 1432 daAuts
  Lair:1: 1177 daAuts
     D:5: 1176 daAuts
    D:10: 1124 daAuts
     D:1: 1054 daAuts
     D:9: 1054 daAuts
     D:8: 1015 daAuts
     D:4: 843 daAuts
     D:3: 781 daAuts
  Lair:2: 728 daAuts
     D:2: 667 daAuts
